Chicago Black Hawks vs Vegas Golden Knights
Created - Tuesday, May 16, 2023 at 07:03
Goals
|
| Chicago Black Hawks |
2 |
0 |
3 |
5 |
| Vegas Golden Knights |
1 |
0 |
2 |
3 |
|
Shots
|
| Chicago Black Hawks |
12 |
6 |
8 |
26 |
| Vegas Golden Knights |
14 |
11 |
9 |
34 |
|
1st period
1. Chicago Black Hawks , Nikolaj Ehlers 10 (Cal Clutterbuck 1) at 4:39
2. Chicago Black Hawks , Lawson Crouse 7 (Steven Stamkos 43, Brent Burns 28) at 5:15 (PP)
3. Vegas Golden Knights , Anthony Cirelli 13 (Jaden Schwartz 23, Rickard Rakell 24) at 7:23
Penalties :
Marc Staal (VGK) for Interference (Minor) at 5:01
2nd period
No Goal
Penalties :
Andrew Peeke (VGK) for Hooking (Minor) at 1:57, Brent Burns (CHI) for Roughing (Minor) at 8:38
3rd period
4. Chicago Black Hawks , Steven Stamkos 34 (Matt Duchene 28, Matthew Tkachuk 23) at 2:42
5. Vegas Golden Knights , John Marino 5 (Brian Dumoulin 11, Colin White 20) at 6:35
6. Chicago Black Hawks , Nikolaj Ehlers 11 (Vladimir Tarasenko 19, Matt Duchene 29) at 14:20
7. Vegas Golden Knights , Tom Wilson 26 (Artemi Panarin 42, Colin White 21) at 16:12 (PP)
8. Chicago Black Hawks , Cal Clutterbuck 2 (Lawson Crouse 6, Barclay Goodrow 7) at 19:50 (Empty Net)
Penalties :
Artemi Panarin (VGK) for Holding (Minor) at 7:39, Matt Duchene (CHI) for Holding (Minor) at 12:04, Brent Burns (CHI) for Roughing (Minor) at 15:54
Goalie Stats
Ilya Sorokin (CHI), 31 saves from 34 shots - (0.912), W, 24-12-4, 60:00 minutes
Casey DeSmith (VGK), 21 saves from 25 shots - (0.840), L, 12-12-5, 59:10 minutes
Players Stats for Chicago Black Hawks
Player Name G A P +/- PIM S H SB GA TA FO MP PP MP PK MP
------------------------------------------------------------------------------------
Barclay Goodrow 0 1 1 0 0 0 0 0 0 0 5/10 9:59 0:08 2:39
Bo Horvat 0 0 0 -1 0 0 4 2 1 0 8/15 17:39 1:55 1:21
Brent Burns 0 1 1 -1 4 2 1 0 0 0 0/0 24:44 2:40 0:45
Bryan Rust 0 0 0 -1 0 0 1 0 0 0 0/0 6:15 0:00 0:00
Cal Clutterbuck 1 1 2 3 0 1 2 0 0 0 2/7 12:14 0:00 0:00
Chris Kreider 0 0 0 -1 0 1 0 0 1 0 0/1 17:44 1:55 1:16
Devon Toews 0 0 0 -2 0 0 0 1 0 1 0/0 25:16 1:32 2:48
Lawson Crouse 1 1 2 -1 0 3 3 0 2 0 0/0 19:09 2:09 2:30
Matt Duchene 0 2 2 1 2 4 0 0 1 1 1/2 21:12 2:17 0:00
Matthew Tkachuk 0 1 1 1 0 4 0 1 0 1 0/1 21:49 1:55 0:46
Mikhail Sergachev 0 0 0 3 0 4 0 0 0 2 0/0 22:48 2:40 1:28
Nicolas Hague 0 0 0 0 0 0 1 0 0 0 0/0 12:44 0:00 1:01
Nikolaj Ehlers 2 0 2 2 0 2 2 2 1 0 0/0 11:53 0:08 0:00
Rasmus Andersson 0 0 0 2 0 0 0 2 1 1 0/0 15:27 0:00 0:00
Rasmus Ristolainen 0 0 0 2 0 0 0 1 0 2 0/0 16:54 0:00 2:30
Steven Stamkos 1 1 2 1 0 3 5 0 1 0 13/25 20:56 2:09 0:00
Travis Konecny 0 0 0 0 0 2 0 1 0 0 1/1 3:44 0:00 0:00
Vladimir Tarasenko 0 1 1 2 0 0 0 0 0 0 0/0 15:14 1:32 0:00
Players Stats for Vegas Golden Knights
Player Name G A P +/- PIM S H SB GA TA FO MP PP MP PK MP
------------------------------------------------------------------------------------
Andreas Johnsson 0 0 0 1 0 1 1 0 1 0 0/0 10:34 1:46 0:00
Andrew Peeke 0 0 0 -2 2 1 1 0 0 1 0/0 17:17 0:00 1:06
Anthony Cirelli 1 0 1 0 0 1 3 0 0 0 8/18 15:00 0:28 1:09
Artemi Panarin 0 1 1 -3 2 4 0 0 2 0 1/1 20:04 2:02 0:00
Brian Dumoulin 0 1 1 0 0 0 1 2 0 0 0/0 26:08 0:00 1:46
Colin White 0 2 2 1 0 1 0 0 0 0 3/7 11:06 2:23 0:00
Jaden Schwartz 0 1 1 0 0 2 1 1 0 0 0/0 16:40 2:35 0:48
John Marino 1 0 1 0 0 4 2 2 0 1 0/0 27:13 1:34 1:00
Jonathan Drouin 0 0 0 0 0 2 3 0 1 0 0/0 11:31 0:07 0:00
Jordan Staal 0 0 0 -3 0 0 0 0 0 0 15/27 20:21 0:00 2:18
Marc Staal 0 0 0 -3 2 0 1 0 0 2 0/0 18:35 0:07 2:12
Marc-Edouard Vlasic 0 0 0 1 0 0 1 1 0 2 0/0 12:22 0:00 1:46
P.K. Subban 0 0 0 1 0 2 0 0 0 0 0/0 13:44 2:35 0:34
Rickard Rakell 0 1 1 0 0 6 1 0 1 0 0/0 14:53 1:46 0:00
Tom Wilson 1 0 1 -3 0 3 4 1 0 1 0/0 22:23 2:02 2:22
Victor Olofsson 0 0 0 0 0 2 1 1 0 0 0/1 10:58 1:41 0:00
Vladislav Namestnikov 0 0 0 0 0 2 1 2 0 0 5/8 14:13 1:46 1:00
Zach Parise 0 0 0 0 0 3 0 0 3 1 0/0 12:43 0:28 0:47
3 Stars
1 - Nikolaj Ehlers (CHI)
2 - Cal Clutterbuck (CHI)
3 - Steven Stamkos (CHI)
Power Play
Chicago Black Hawks - 1 on 3 Attempt(s) - 33.33%
Vegas Golden Knights - 1 on 3 Attempt(s) - 33.33%
Penalty Kill
Chicago Black Hawks - 2 on 3 Attempt(s) - 66.67%
- Score 0 goal in Penalty Kill
Vegas Golden Knights - 2 on 3 Attempt(s) - 66.67%
- Score 0 goal in Penalty Kill
Team Stat
Chicago Black Hawks - Hits : 19 - Faceoff Wins : 30 - Blocked Shots : 10 - Penalty Minutes : 6
Vegas Golden Knights - Hits : 21 - Faceoff Wins : 32 - Blocked Shots : 10 - Penalty Minutes : 6
Official
Referees : TJ Luxmore and Brad Meier
Linesman : Michel Cormier and Tim Nowak
Game Notes
Travis Konecny is injured at 12:49 of 1st period (Strained Left Elbow)
Cal Clutterbuck has scored in a empty net!
Finance
Level 1 -- Attendance: 5534 (92.23%) -- Ticket Income $525,730
Level 2 -- Attendance: 4362 (87.24%) -- Ticket Income $239,910
Level 3 -- Attendance: 3000 (100.00%) -- Ticket Income $90,000
Level 4 -- Attendance: 4798 (95.96%) -- Ticket Income $95,960
Luxury Box -- Attendance: 1000 (100.00%) -- Ticket Income $190,000
Game was played at the T-Mobile Arena.
Total Attendance: 18694 (93.47%)
Total Ticket Income: $1,141,600
Other Income: $399,560
Total Income: $1,541,160
Chicago Black Hawks
5 vs 5 Forward
Center Left Wing Right Wing Time % Phy DF OF
1 Steven Stamkos Matthew Tkachuk Matt Duchene 40 0 1 4
2 Bo Horvat Travis Konecny Chris Kreider 30 0 1 4
3 Cal Clutterbuck Nikolaj Ehlers Vladimir Tarasenko 20 0 1 4
4 Barclay Goodrow Bryan Rust Lawson Crouse 10 0 2 3
5 vs 5 Defense
Defense Defense Time % Phy DF OF
1 Brent Burns Devon Toews 40 0 2 3
2 Rasmus Ristolainen Mikhail Sergachev 30 0 2 3
3 Rasmus Andersson Nicolas Hague 20 0 4 1
4 Mikhail Sergachev Rasmus Andersson 10 0 3 2
PowerPlay Forward
Center Left Wing Right Wing Time % Phy DF OF
1 Steven Stamkos Lawson Crouse Matt Duchene 60 0 0 5
2 Bo Horvat Matthew Tkachuk Chris Kreider 40 0 0 5
PowerPlay Defense
Defense Defense Time % Phy DF OF
1 Brent Burns Mikhail Sergachev 60 0 0 5
2 Devon Toews Vladimir Tarasenko 40 0 0 5
Penalty Kill 4 Players Forward
Center Wing Time % Phy DF OF
1 Barclay Goodrow Lawson Crouse 60 0 5 0
2 Bo Horvat Chris Kreider 40 0 5 0
Penalty Kill 4 Players Defense
Defense Defense Time % Phy DF OF
1 Devon Toews Rasmus Ristolainen 60 0 5 0
2 Brent Burns Mikhail Sergachev 40 0 5 0
Penalty Kill - 3 Players Forward
Forward Time % Phy DF OF
1 Barclay Goodrow 60 0 5 0
2 Bo Horvat 40 0 5 0
Penalty Kill - 3 Players Defense
Defense Defense Time % Phy DF OF
1 Rasmus Ristolainen Mikhail Sergachev 60 0 5 0
2 Devon Toews Nicolas Hague 40 0 5 0
4 vs 4 Forward
Center Wing Time % Phy DF OF
1 Barclay Goodrow Nikolaj Ehlers 60 0 2 3
2 Bo Horvat Vladimir Tarasenko 40 0 2 3
4 vs 4 Defense
Defense Defense Time % Phy DF OF
1 Nicolas Hague Rasmus Ristolainen 60 0 4 1
2 Devon Toews Brent Burns 40 0 2 3
Last Minutes Offensive
Center Left Wing Right Wing Defense Defense
Steven Stamkos Vladimir Tarasenko Matthew Tkachuk Brent Burns Devon Toews
Last Minutes Defensive
Center Left Wing Right Wing Defense Defense
Barclay Goodrow Lawson Crouse Cal Clutterbuck Rasmus Ristolainen Brent Burns
Goaltenders
Starting : Ilya Sorokin
Backup : Jordan Binnington
Extra Forwards
Normal : Lawson Crouse, Vladimir Tarasenko, Bo Horvat - PP : Bo Horvat, Nikolaj Ehlers - PK : Bo Horvat
Extra Defensemen
Normal : Rasmus Ristolainen, Nicolas Hague, Devon Toews - PP : Rasmus Ristolainen - PK : Nicolas Hague, Devon Toews
Penalty Shots
Vladimir Tarasenko, Matt Duchene, Devon Toews, Bo Horvat, Rasmus Ristolainen
Vegas Golden Knights
5 vs 5 Forward
Center Left Wing Right Wing Time % Phy DF OF
1 Jordan Staal Artemi Panarin Tom Wilson 40 1 2 2
2 Anthony Cirelli Jaden Schwartz Rickard Rakell 30 1 2 2
3 Vladislav Namestnikov Zach Parise Jonathan Drouin 20 1 2 2
4 Colin White Andreas Johnsson Victor Olofsson 10 1 2 2
5 vs 5 Defense
Defense Defense Time % Phy DF OF
1 Brian Dumoulin John Marino 40 1 2 2
2 Marc Staal Andrew Peeke 30 1 2 2
3 Marc-Edouard Vlasic P.K. Subban 20 1 2 2
4 Brian Dumoulin John Marino 10 1 2 2
PowerPlay Forward
Center Left Wing Right Wing Time % Phy DF OF
1 Colin White Artemi Panarin Tom Wilson 60 1 2 2
2 Vladislav Namestnikov Andreas Johnsson Rickard Rakell 40 1 2 2
PowerPlay Defense
Defense Defense Time % Phy DF OF
1 Jaden Schwartz P.K. Subban 60 1 2 2
2 Victor Olofsson John Marino 40 1 2 2
Penalty Kill 4 Players Forward
Center Wing Time % Phy DF OF
1 Jordan Staal Tom Wilson 60 1 2 2
2 Anthony Cirelli Zach Parise 40 1 2 2
Penalty Kill 4 Players Defense
Defense Defense Time % Phy DF OF
1 Marc Staal Andrew Peeke 60 1 2 2
2 Marc-Edouard Vlasic Brian Dumoulin 40 1 2 2
Penalty Kill - 3 Players Forward
Forward Time % Phy DF OF
1 Anthony Cirelli 60 1 2 2
2 Zach Parise 40 1 2 2
Penalty Kill - 3 Players Defense
Defense Defense Time % Phy DF OF
1 Marc Staal Andrew Peeke 60 1 2 2
2 Marc-Edouard Vlasic Brian Dumoulin 40 1 2 2
4 vs 4 Forward
Center Wing Time % Phy DF OF
1 Jordan Staal Artemi Panarin 60 1 2 2
2 Anthony Cirelli Tom Wilson 40 1 2 2
4 vs 4 Defense
Defense Defense Time % Phy DF OF
1 Marc Staal Andrew Peeke 60 1 2 2
2 Brian Dumoulin John Marino 40 1 2 2
Last Minutes Offensive
Center Left Wing Right Wing Defense Defense
Jordan Staal Artemi Panarin Tom Wilson Brian Dumoulin John Marino
Last Minutes Defensive
Center Left Wing Right Wing Defense Defense
Jordan Staal Zach Parise Tom Wilson Brian Dumoulin Andrew Peeke
Goaltenders
Starting : Casey DeSmith
Backup : Philipp Grubauer
Extra Forwards
Normal : Rickard Rakell, Artemi Panarin, Jordan Staal - PP : Anthony Cirelli, Zach Parise - PK : Vladislav Namestnikov
Extra Defensemen
Normal : Marc Staal, John Marino, Brian Dumoulin - PP : Marc Staal - PK : John Marino, P.K. Subban
Penalty Shots
Artemi Panarin, Rickard Rakell, Andreas Johnsson, Anthony Cirelli, Victor Olofsson
% Time on Ice - Chicago Black Hawks
Lines # - Real PCT - Wanted PCT - Time Play
Normal Forward
1 - 37% - 40% - 18:58
2 - 28% - 30% - 14:23
3 - 22% - 20% - 11:01
4 - 12% - 10% - 6:15
Normal Defense
1 - 40% - 40% - 20:14
2 - 30% - 30% - 14:56
3 - 21% - 20% - 10:51
4 - 9% - 10% - 4:36
PP Forward
1 - 54% - 60% - 2:17
2 - 46% - 40% - 1:55
PP Defense
1 - 63% - 60% - 2:40
2 - 37% - 40% - 1:32
PK Forward
1 - 85% - 60% - 3:38
2 - 15% - 40% - 0:38
PK Defense
1 - 66% - 60% - 2:48
2 - 34% - 40% - 1:28
PK3 Forward
1 - 0% - 60%
2 - 0% - 40%
PK3 Defense
1 - 0% - 60%
2 - 0% - 40%
44 Forward
1 - 0% - 60%
2 - 0% - 40%
44 Defense
1 - 0% - 60%
2 - 0% - 40%
Last Minute Offensive - 0:00
Last Minute Defensive - 0:55
Total
Forward - 60:00
Defense - 60:00
|
% Time on Ice - Vegas Golden Knights
Lines # - Real PCT - Wanted PCT - Time Play
Normal Forward
1 - 34% - 40% - 17:26
2 - 26% - 30% - 13:07
3 - 22% - 20% - 11:18
4 - 17% - 10% - 8:43
Normal Defense
1 - 41% - 40% - 20:42
2 - 33% - 30% - 16:31
3 - 20% - 20% - 10:13
4 - 6% - 10% - 3:08
PP Forward
1 - 59% - 60% - 2:30
2 - 41% - 40% - 1:46
PP Defense
1 - 61% - 60% - 2:35
2 - 39% - 40% - 1:41
PK Forward
1 - 81% - 60% - 3:25
2 - 19% - 40% - 0:47
PK Defense
1 - 58% - 60% - 2:26
2 - 42% - 40% - 1:46
PK3 Forward
1 - 0% - 60%
2 - 0% - 40%
PK3 Defense
1 - 0% - 60%
2 - 0% - 40%
44 Forward
1 - 0% - 60%
2 - 0% - 40%
44 Defense
1 - 0% - 60%
2 - 0% - 40%
Last Minute Offensive - 0:58
Last Minute Defensive - 0:00
Total
Forward - 60:00
Defense - 60:00
|
Play-by-Play
1st period
0:01 of 1st period - Steven Stamkos wins face-off versus Jordan Staal in neutral zone.
0:26 of 1st period - Brent Burns is hit by Rickard Rakell and loses puck.
1:39 of 1st period - Wrist shot by Matt Duchene.
1:39 of 1st period - Shot Misses the Net.
2:03 of 1st period - Slapshot by Chris Kreider.
2:03 of 1st period - Shot Blocked by John Marino.
2:17 of 1st period - Snap shot by Vladimir Tarasenko.
2:17 of 1st period - Shot Misses the Net.
2:19 of 1st period - Snap shot by Cal Clutterbuck.
2:19 of 1st period - Shot Blocked by Brian Dumoulin.
2:21 of 1st period - Slapshot by Mikhail Sergachev.
2:21 of 1st period - Stopped by Casey DeSmith with a rebound.
2:45 of 1st period - Snap shot by Bryan Rust.
2:45 of 1st period - Shot Misses the Net.
2:59 of 1st period - Snap shot by Jonathan Drouin.
2:59 of 1st period - Shot Blocked by Rasmus Andersson.
3:03 of 1st period - Snap shot by Zach Parise.
3:03 of 1st period - Deflect By Jonathan Drouin.
3:03 of 1st period - Shot Blocked by Bo Horvat.
3:03 of 1st period - Puck is out of play.
3:04 of 1st period - Bo Horvat wins face-off versus Jordan Staal in Chicago Black Hawks zone.
3:38 of 1st period - Wrist shot by Rickard Rakell.
3:38 of 1st period - Stopped by Ilya Sorokin without a rebound.
3:39 of 1st period - Anthony Cirelli wins face-off versus Steven Stamkos in Chicago Black Hawks zone.
3:47 of 1st period - Icing by Rasmus Andersson.
3:48 of 1st period - Anthony Cirelli wins face-off versus Steven Stamkos in Chicago Black Hawks zone.
3:59 of 1st period - Slapshot by Jaden Schwartz.
3:59 of 1st period - Stopped by Ilya Sorokin without a rebound.
4:00 of 1st period - Jordan Staal wins face-off versus Steven Stamkos in Chicago Black Hawks zone.
4:13 of 1st period - Wrist shot by Tom Wilson.
4:13 of 1st period - Shot Blocked by Matthew Tkachuk.
4:37 of 1st period - Snap shot by Travis Konecny.
4:37 of 1st period - Stopped by Casey DeSmith without a rebound.
4:38 of 1st period - Cal Clutterbuck wins face-off versus Anthony Cirelli in Vegas Golden Knights zone.
4:39 of 1st period - Wrist shot by Nikolaj Ehlers.
4:39 of 1st period - Goal by Nikolaj Ehlers - Chicago Black Hawks : 1 - Vegas Golden Knights : 0.
4:40 of 1st period - Cal Clutterbuck wins face-off versus Jordan Staal in neutral zone.
5:01 of 1st period - Minor Penalty to Marc Staal for Interference.
5:02 of 1st period - Jordan Staal wins face-off versus Steven Stamkos in Vegas Golden Knights zone.
5:11 of 1st period - Snap shot by Matt Duchene.
5:11 of 1st period - Stopped by Casey DeSmith with a rebound.
5:13 of 1st period - Slapshot by Brent Burns.
5:13 of 1st period - Deflect By Steven Stamkos.
5:13 of 1st period - Stopped by Casey DeSmith with a rebound.
5:15 of 1st period - Slapshot by Lawson Crouse.
5:15 of 1st period - Goal by Lawson Crouse - Chicago Black Hawks : 2 - Vegas Golden Knights : 0.
5:16 of 1st period - Anthony Cirelli wins face-off versus Steven Stamkos in neutral zone.
5:21 of 1st period - Snap shot by Jaden Schwartz.
5:21 of 1st period - Shot Blocked by Devon Toews.
5:24 of 1st period - Icing by Devon Toews.
5:25 of 1st period - Steven Stamkos wins face-off versus Anthony Cirelli in Chicago Black Hawks zone.
5:39 of 1st period - Off-side.
5:40 of 1st period - Travis Konecny wins face-off versus Colin White in neutral zone.
6:36 of 1st period - Slapshot by Artemi Panarin.
6:36 of 1st period - Shot Blocked by Rasmus Ristolainen.
6:38 of 1st period - Backhand shot by Artemi Panarin.
6:38 of 1st period - Stopped by Ilya Sorokin without a rebound.
6:39 of 1st period - Anthony Cirelli wins face-off versus Cal Clutterbuck in Chicago Black Hawks zone.
7:05 of 1st period - Anthony Cirelli is hit by Bryan Rust.
7:21 of 1st period - Snap shot by Jaden Schwartz.
7:21 of 1st period - Shot Misses the Net.
7:23 of 1st period - Slapshot by Anthony Cirelli.
7:23 of 1st period - Goal by Anthony Cirelli - Chicago Black Hawks : 2 - Vegas Golden Knights : 1.
7:24 of 1st period - Jordan Staal wins face-off versus Bo Horvat in neutral zone.
7:29 of 1st period - Wrist shot by Artemi Panarin.
7:29 of 1st period - Shot Blocked by Bo Horvat.
7:31 of 1st period - Slapshot by John Marino.
7:31 of 1st period - Stopped by Ilya Sorokin with a rebound.
8:27 of 1st period - P.K. Subban is hit by Nikolaj Ehlers.
9:23 of 1st period - Wrist shot by Matthew Tkachuk.
9:23 of 1st period - Stopped by Casey DeSmith without a rebound.
9:24 of 1st period - Vladislav Namestnikov wins face-off versus Steven Stamkos in Vegas Golden Knights zone.
9:35 of 1st period - Mikhail Sergachev is hit by Andrew Peeke.
9:43 of 1st period - Snap shot by Vladislav Namestnikov.
9:43 of 1st period - Stopped by Ilya Sorokin without a rebound.
9:44 of 1st period - Jordan Staal wins face-off versus Bo Horvat in Chicago Black Hawks zone.
10:13 of 1st period - Slapshot by Jonathan Drouin.
10:13 of 1st period - Stopped by Ilya Sorokin without a rebound.
10:14 of 1st period - Vladislav Namestnikov wins face-off versus Matthew Tkachuk in Chicago Black Hawks zone.
10:26 of 1st period - Snap shot by Matt Duchene.
10:26 of 1st period - Shot Misses the Net.
10:28 of 1st period - Snap shot by Matthew Tkachuk.
10:28 of 1st period - Stopped by Casey DeSmith with a rebound.
10:30 of 1st period - Slapshot by Brent Burns.
10:30 of 1st period - Stopped by Casey DeSmith without a rebound.
10:31 of 1st period - Jordan Staal wins face-off versus Cal Clutterbuck in Vegas Golden Knights zone.
10:56 of 1st period - Nicolas Hague is hit by Brian Dumoulin and loses puck.
11:16 of 1st period - Off-side.
11:17 of 1st period - Bo Horvat wins face-off versus Victor Olofsson in neutral zone.
11:30 of 1st period - Slapshot by Travis Konecny.
11:30 of 1st period - Stopped by Casey DeSmith with a rebound.
12:49 of 1st period - Wrist shot by Vladislav Namestnikov.
12:49 of 1st period - Shot Blocked by Travis Konecny.
12:49 of 1st period - Travis Konecny from Chicago Black Hawks is injured at 12:49 of 1st period (Strained Left Elbow).
12:50 of 1st period - Steven Stamkos wins face-off versus Jordan Staal in Chicago Black Hawks zone.
13:23 of 1st period - Slapshot by Chris Kreider.
13:23 of 1st period - Shot Misses the Net.
13:25 of 1st period - Slapshot by Mikhail Sergachev.
13:25 of 1st period - Deflect By Jaden Schwartz.
13:25 of 1st period - Stopped by Casey DeSmith with a rebound.
13:27 of 1st period - Slapshot by Lawson Crouse.
13:27 of 1st period - Shot Blocked by Jaden Schwartz.
14:13 of 1st period - Marc Staal is hit by Brent Burns and loses puck.
14:36 of 1st period - Wrist shot by Colin White.
14:36 of 1st period - Shot Misses the Net.
14:56 of 1st period - Artemi Panarin is hit by Steven Stamkos.
15:06 of 1st period - Snap shot by Tom Wilson.
15:06 of 1st period - Stopped by Ilya Sorokin without a rebound.
15:07 of 1st period - Barclay Goodrow wins face-off versus Anthony Cirelli in Chicago Black Hawks zone.
15:34 of 1st period - Bo Horvat is hit by Tom Wilson.
16:34 of 1st period - Slapshot by Jonathan Drouin.
16:34 of 1st period - Shot Misses the Net.
16:36 of 1st period - Slapshot by John Marino.
16:36 of 1st period - Stopped by Ilya Sorokin without a rebound.
16:37 of 1st period - Steven Stamkos wins face-off versus Jordan Staal in Chicago Black Hawks zone.
16:41 of 1st period - Off-side.
16:42 of 1st period - Artemi Panarin wins face-off versus Matt Duchene in neutral zone.
16:52 of 1st period - Off-side.
16:53 of 1st period - Steven Stamkos wins face-off versus Anthony Cirelli in neutral zone.
16:58 of 1st period - Slapshot by Steven Stamkos.
16:58 of 1st period - Shot Blocked by Marc-Edouard Vlasic.
17:06 of 1st period - Snap shot by Rickard Rakell.
17:06 of 1st period - Stopped by Ilya Sorokin with a rebound.
17:08 of 1st period - Slapshot by P.K. Subban.
17:08 of 1st period - Stopped by Ilya Sorokin with a rebound.
17:10 of 1st period - Snap shot by Jaden Schwartz.
17:10 of 1st period - Deflect By Rickard Rakell.
17:10 of 1st period - Stopped by Ilya Sorokin with a rebound.
17:31 of 1st period - Snap shot by Tom Wilson.
17:31 of 1st period - Shot Misses the Net.
17:51 of 1st period - Slapshot by Jonathan Drouin.
17:51 of 1st period - Stopped by Ilya Sorokin without a rebound.
17:52 of 1st period - Matt Duchene wins face-off versus Anthony Cirelli in Chicago Black Hawks zone.
17:59 of 1st period - Wrist shot by Steven Stamkos.
17:59 of 1st period - Shot Blocked by John Marino.
18:01 of 1st period - Slapshot by Matt Duchene.
18:01 of 1st period - Stopped by Casey DeSmith without a rebound.
18:02 of 1st period - Anthony Cirelli wins face-off versus Steven Stamkos in Vegas Golden Knights zone.
18:23 of 1st period - Slapshot by Steven Stamkos.
18:23 of 1st period - Deflect By Rickard Rakell.
18:23 of 1st period - Shot Misses the Net.
18:23 of 1st period - Puck is out of play.
18:24 of 1st period - Jordan Staal wins face-off versus Chris Kreider in Vegas Golden Knights zone.
18:41 of 1st period - Wrist shot by Artemi Panarin.
18:41 of 1st period - Stopped by Ilya Sorokin without a rebound.
18:42 of 1st period - Steven Stamkos wins face-off versus Anthony Cirelli in Chicago Black Hawks zone.
19:16 of 1st period - Wrist shot by Matt Duchene.
19:16 of 1st period - Shot Blocked by Brian Dumoulin.
19:26 of 1st period - Brent Burns is hit by Jonathan Drouin and loses puck.
Goals for this period are 2 for Chicago Black Hawks vs 1 for Vegas Golden Knights.
Shots for this period are 12 for Chicago Black Hawks vs 14 for Vegas Golden Knights.
2nd period
0:01 of 2nd period - Jordan Staal wins face-off versus Bo Horvat in neutral zone.
1:15 of 2nd period - Wrist shot by Andreas Johnsson.
1:15 of 2nd period - Stopped by Ilya Sorokin with a rebound.
1:17 of 2nd period - Slapshot by Brian Dumoulin.
1:17 of 2nd period - Deflect By Victor Olofsson.
1:17 of 2nd period - Stopped by Ilya Sorokin with a rebound.
1:19 of 2nd period - Slapshot by John Marino.
1:19 of 2nd period - Stopped by Ilya Sorokin without a rebound.
1:20 of 2nd period - Jordan Staal wins face-off versus Bo Horvat in Chicago Black Hawks zone.
1:57 of 2nd period - Minor Penalty to Andrew Peeke for Hooking.
1:58 of 2nd period - Steven Stamkos wins face-off versus Jordan Staal in Vegas Golden Knights zone.
2:02 of 2nd period - Slapshot by Steven Stamkos.
2:02 of 2nd period - Shot Misses the Net.
2:04 of 2nd period - Snap shot by Lawson Crouse.
2:04 of 2nd period - Stopped by Casey DeSmith with a rebound.
3:52 of 2nd period - Brent Burns is hit by Anthony Cirelli and loses puck.
3:57 of 2nd period - Penalty to Andrew Peeke is over, Andrew Peeke is back on ice.
4:11 of 2nd period - Chris Kreider is hit by Victor Olofsson and loses puck.
4:47 of 2nd period - John Marino is hit by Nicolas Hague and loses puck.
6:00 of 2nd period - Snap shot by Zach Parise.
6:00 of 2nd period - Stopped by Ilya Sorokin without a rebound.
6:01 of 2nd period - Vladislav Namestnikov wins face-off versus Cal Clutterbuck in Chicago Black Hawks zone.
6:39 of 2nd period - Brian Dumoulin is hit by Nikolaj Ehlers and loses puck.
6:56 of 2nd period - Wrist shot by Jaden Schwartz.
6:56 of 2nd period - Stopped by Ilya Sorokin with a rebound.
6:58 of 2nd period - Wrist shot by Rickard Rakell.
6:58 of 2nd period - Shot Misses the Net.
7:24 of 2nd period - Slapshot by Steven Stamkos.
7:24 of 2nd period - Stopped by Casey DeSmith with a rebound.
7:26 of 2nd period - Slapshot by Matt Duchene.
7:26 of 2nd period - Stopped by Casey DeSmith without a rebound.
7:27 of 2nd period - Anthony Cirelli wins face-off versus Bo Horvat in Vegas Golden Knights zone.
7:27 of 2nd period - Anthony Cirelli is hit by Bo Horvat.
7:53 of 2nd period - Tom Wilson is hit by Steven Stamkos and loses puck.
8:16 of 2nd period - Snap shot by Lawson Crouse.
8:16 of 2nd period - Stopped by Casey DeSmith with a rebound.
8:18 of 2nd period - Snap shot by Bryan Rust.
8:18 of 2nd period - Shot Misses the Net.
8:20 of 2nd period - Slapshot by Devon Toews.
8:20 of 2nd period - Shot Misses the Net.
8:32 of 2nd period - Brent Burns is hit by Marc-Edouard Vlasic and loses puck.
8:38 of 2nd period - Minor Penalty to Brent Burns for Roughing.
8:39 of 2nd period - Colin White wins face-off versus Barclay Goodrow in Chicago Black Hawks zone.
9:05 of 2nd period - Snap shot by Rickard Rakell.
9:05 of 2nd period - Stopped by Ilya Sorokin with a rebound.
9:07 of 2nd period - Snap shot by Vladislav Namestnikov.
9:07 of 2nd period - Shot Misses the Net.
9:09 of 2nd period - Wrist shot by Rickard Rakell.
9:09 of 2nd period - Stopped by Ilya Sorokin without a rebound.
9:10 of 2nd period - Barclay Goodrow wins face-off versus Vladislav Namestnikov in Chicago Black Hawks zone.
9:29 of 2nd period - Snap shot by Artemi Panarin.
9:29 of 2nd period - Stopped by Ilya Sorokin without a rebound.
9:30 of 2nd period - Barclay Goodrow wins face-off versus Colin White in Chicago Black Hawks zone.
10:38 of 2nd period - Penalty to Brent Burns is over, Brent Burns is back on ice.
11:35 of 2nd period - Brent Burns is hit by Anthony Cirelli and loses puck.
11:51 of 2nd period - Snap shot by Matt Duchene.
11:51 of 2nd period - Shot Misses the Net.
12:39 of 2nd period - Icing by Colin White.
12:40 of 2nd period - Bo Horvat wins face-off versus Colin White in Vegas Golden Knights zone.
13:07 of 2nd period - Snap shot by Tom Wilson.
13:07 of 2nd period - Shot Misses the Net.
13:23 of 2nd period - Snap shot by Jaden Schwartz.
13:23 of 2nd period - Shot Blocked by Rasmus Andersson.
13:25 of 2nd period - Wrist shot by P.K. Subban.
13:25 of 2nd period - Stopped by Ilya Sorokin with a rebound.
13:27 of 2nd period - Snap shot by Rickard Rakell.
13:27 of 2nd period - Stopped by Ilya Sorokin without a rebound.
13:28 of 2nd period - Steven Stamkos wins face-off versus Anthony Cirelli in Chicago Black Hawks zone.
13:42 of 2nd period - Wrist shot by Matthew Tkachuk.
13:42 of 2nd period - Stopped by Casey DeSmith without a rebound.
13:43 of 2nd period - Bo Horvat wins face-off versus Jordan Staal in Vegas Golden Knights zone.
15:21 of 2nd period - Snap shot by Chris Kreider.
15:21 of 2nd period - Stopped by Casey DeSmith without a rebound.
15:22 of 2nd period - Bo Horvat wins face-off versus Anthony Cirelli in Vegas Golden Knights zone.
15:49 of 2nd period - Brent Burns is hit by Andreas Johnsson and loses puck.
16:29 of 2nd period - Icing by Rasmus Ristolainen.
16:30 of 2nd period - Vladislav Namestnikov wins face-off versus Steven Stamkos in Chicago Black Hawks zone.
17:37 of 2nd period - Vladimir Tarasenko is hit by Marc Staal and loses puck.
18:21 of 2nd period - Snap shot by Barclay Goodrow.
18:21 of 2nd period - Deflect By Bryan Rust.
18:21 of 2nd period - Shot Misses the Net.
18:21 of 2nd period - Puck is out of play.
18:22 of 2nd period - Jordan Staal wins face-off versus Barclay Goodrow in Vegas Golden Knights zone.
18:49 of 2nd period - Matthew Tkachuk is hit by John Marino and loses puck.
19:07 of 2nd period - Icing by Matthew Tkachuk.
19:08 of 2nd period - Steven Stamkos wins face-off versus Anthony Cirelli in Chicago Black Hawks zone.
19:08 of 2nd period - Steven Stamkos is hit by Jaden Schwartz.
19:18 of 2nd period - Jaden Schwartz is hit by Bo Horvat and loses puck.
19:41 of 2nd period - Wrist shot by Zach Parise.
19:41 of 2nd period - Shot Blocked by Nikolaj Ehlers.
19:43 of 2nd period - Slapshot by Andrew Peeke.
19:43 of 2nd period - Shot Blocked by Nikolaj Ehlers.
19:45 of 2nd period - Slapshot by Andrew Peeke.
19:45 of 2nd period - Shot Misses the Net.
19:47 of 2nd period - Slapshot by Andrew Peeke.
19:47 of 2nd period - Stopped by Ilya Sorokin with a rebound.
Goals for this period are 0 for Chicago Black Hawks vs 0 for Vegas Golden Knights.
Shots for this period are 6 for Chicago Black Hawks vs 11 for Vegas Golden Knights.
3rd period
0:01 of 3rd period - Jordan Staal wins face-off versus Steven Stamkos in neutral zone.
0:31 of 3rd period - Rickard Rakell is hit by Bo Horvat and loses puck.
1:17 of 3rd period - Mikhail Sergachev is hit by Tom Wilson.
2:07 of 3rd period - Snap shot by Jonathan Drouin.
2:07 of 3rd period - Deflect By Zach Parise.
2:07 of 3rd period - Shot Misses the Net.
2:07 of 3rd period - Puck is out of play.
2:08 of 3rd period - Vladislav Namestnikov wins face-off versus Barclay Goodrow in Chicago Black Hawks zone.
2:17 of 3rd period - Snap shot by Zach Parise.
2:17 of 3rd period - Stopped by Ilya Sorokin with a rebound.
2:19 of 3rd period - Wrist shot by Vladislav Namestnikov.
2:19 of 3rd period - Stopped by Ilya Sorokin with a rebound.
2:42 of 3rd period - Wrist shot by Steven Stamkos.
2:42 of 3rd period - Goal by Steven Stamkos - Chicago Black Hawks : 3 - Vegas Golden Knights : 1.
2:43 of 3rd period - Steven Stamkos wins face-off versus Jordan Staal in neutral zone.
3:18 of 3rd period - Snap shot by Anthony Cirelli.
3:18 of 3rd period - Shot Hit the Post.
5:01 of 3rd period - P.K. Subban is hit by Steven Stamkos and loses puck.
5:23 of 3rd period - Icing by Andreas Johnsson.
5:24 of 3rd period - Bo Horvat wins face-off versus Colin White in Vegas Golden Knights zone.
5:25 of 3rd period - Snap shot by Lawson Crouse.
5:25 of 3rd period - Shot Blocked by Victor Olofsson.
5:57 of 3rd period - Slapshot by Brent Burns.
5:57 of 3rd period - Stopped by Casey DeSmith with a rebound.
6:12 of 3rd period - Brent Burns is hit by John Marino and loses puck.
6:31 of 3rd period - Backhand shot by Colin White.
6:31 of 3rd period - Stopped by Ilya Sorokin with a rebound.
6:33 of 3rd period - Slapshot by Brian Dumoulin.
6:33 of 3rd period - Shot Misses the Net.
6:35 of 3rd period - Snap shot by John Marino.
6:35 of 3rd period - Goal by John Marino - Chicago Black Hawks : 3 - Vegas Golden Knights : 2.
6:36 of 3rd period - Steven Stamkos wins face-off versus Jordan Staal in neutral zone.
7:03 of 3rd period - Mikhail Sergachev is hit by Jonathan Drouin and loses puck.
7:09 of 3rd period - Devon Toews is hit by Vladislav Namestnikov and loses puck.
7:22 of 3rd period - Backhand shot by Matt Duchene.
7:22 of 3rd period - Stopped by Casey DeSmith with a rebound.
7:24 of 3rd period - Snap shot by Mikhail Sergachev.
7:24 of 3rd period - Stopped by Casey DeSmith with a rebound.
7:26 of 3rd period - Snap shot by Steven Stamkos.
7:26 of 3rd period - Shot Blocked by Vladislav Namestnikov.
7:28 of 3rd period - Snap shot by Matthew Tkachuk.
7:28 of 3rd period - Stopped by Casey DeSmith without a rebound.
7:29 of 3rd period - Bo Horvat wins face-off versus Jordan Staal in Vegas Golden Knights zone.
7:39 of 3rd period - Minor Penalty to Artemi Panarin for Holding.
7:40 of 3rd period - Jordan Staal wins face-off versus Steven Stamkos in Vegas Golden Knights zone.
8:37 of 3rd period - Off-side.
8:38 of 3rd period - Bo Horvat wins face-off versus Vladislav Namestnikov in neutral zone.
9:39 of 3rd period - Penalty to Artemi Panarin is over, Artemi Panarin is back on ice.
9:42 of 3rd period - Off-side.
9:43 of 3rd period - Anthony Cirelli wins face-off versus Cal Clutterbuck in neutral zone.
10:09 of 3rd period - Slapshot by Zach Parise.
10:09 of 3rd period - Stopped by Ilya Sorokin without a rebound.
10:10 of 3rd period - Jordan Staal wins face-off versus Steven Stamkos in Chicago Black Hawks zone.
10:21 of 3rd period - Slapshot by Tom Wilson.
10:21 of 3rd period - Shot Misses the Net.
10:23 of 3rd period - Snap shot by John Marino.
10:23 of 3rd period - Shot Misses the Net.
10:25 of 3rd period - Snap shot by Tom Wilson.
10:25 of 3rd period - Stopped by Ilya Sorokin without a rebound.
10:26 of 3rd period - Anthony Cirelli wins face-off versus Bo Horvat in Chicago Black Hawks zone.
10:27 of 3rd period - Snap shot by Jaden Schwartz.
10:27 of 3rd period - Shot Misses the Net.
10:57 of 3rd period - Icing by Brian Dumoulin.
10:58 of 3rd period - Steven Stamkos wins face-off versus Jordan Staal in Vegas Golden Knights zone.
11:07 of 3rd period - Mikhail Sergachev is hit by Tom Wilson and loses puck.
11:29 of 3rd period - Snap shot by Tom Wilson.
11:29 of 3rd period - Shot Misses the Net.
11:45 of 3rd period - Slapshot by Tom Wilson.
11:45 of 3rd period - Shot Misses the Net.
11:47 of 3rd period - Slapshot by John Marino.
11:47 of 3rd period - Shot Misses the Net.
11:51 of 3rd period - Slapshot by Tom Wilson.
11:51 of 3rd period - Shot Misses the Net.
12:04 of 3rd period - Minor Penalty to Matt Duchene for Holding.
12:05 of 3rd period - Barclay Goodrow wins face-off versus Vladislav Namestnikov in Chicago Black Hawks zone.
12:15 of 3rd period - P.K. Subban is hit by Lawson Crouse and loses puck.
12:46 of 3rd period - Victor Olofsson is hit by Bo Horvat and loses puck.
12:51 of 3rd period - Snap shot by Chris Kreider.
12:51 of 3rd period - Shot Misses the Net.
12:53 of 3rd period - Slapshot by Devon Toews.
12:53 of 3rd period - Shot Blocked by Vladislav Namestnikov.
12:55 of 3rd period - Slapshot by Devon Toews.
12:55 of 3rd period - Shot Misses the Net.
14:04 of 3rd period - Penalty to Matt Duchene is over, Matt Duchene is back on ice.
14:20 of 3rd period - Snap shot by Nikolaj Ehlers.
14:20 of 3rd period - Goal by Nikolaj Ehlers - Chicago Black Hawks : 4 - Vegas Golden Knights : 2.
14:21 of 3rd period - Steven Stamkos wins face-off versus Anthony Cirelli in neutral zone.
14:40 of 3rd period - Rickard Rakell is hit by Steven Stamkos.
14:52 of 3rd period - Jordan Staal is hit by Lawson Crouse and loses puck.
14:59 of 3rd period - Wrist shot by Chris Kreider.
14:59 of 3rd period - Shot Misses the Net.
15:01 of 3rd period - Slapshot by Mikhail Sergachev.
15:01 of 3rd period - Deflect By Jordan Staal.
15:01 of 3rd period - Stopped by Casey DeSmith with a rebound.
15:15 of 3rd period - John Marino is hit by Cal Clutterbuck.
15:54 of 3rd period - Minor Penalty to Brent Burns for Roughing.
15:55 of 3rd period - Colin White wins face-off versus Barclay Goodrow in Chicago Black Hawks zone.
16:12 of 3rd period - Wrist shot by Tom Wilson.
16:12 of 3rd period - Goal by Tom Wilson - Chicago Black Hawks : 4 - Vegas Golden Knights : 3.
16:13 of 3rd period - Jordan Staal wins face-off versus Cal Clutterbuck in neutral zone.
16:54 of 3rd period - Zach Parise is hit by Steven Stamkos and loses puck.
17:05 of 3rd period - Lawson Crouse is hit by Anthony Cirelli and loses puck.
17:52 of 3rd period - Snap shot by Victor Olofsson.
17:52 of 3rd period - Stopped by Ilya Sorokin without a rebound.
17:53 of 3rd period - Colin White wins face-off versus Steven Stamkos in Chicago Black Hawks zone.
18:19 of 3rd period - Cal Clutterbuck is hit by Jonathan Drouin and loses puck.
18:40 of 3rd period - Lawson Crouse is hit by Tom Wilson and loses puck.
18:58 of 3rd period - Icing by Bo Horvat.
18:59 of 3rd period - Jordan Staal wins face-off versus Barclay Goodrow in Chicago Black Hawks zone.
19:00 of 3rd period - Vegas Golden Knights, Casey DeSmith is pulled from the net.
19:02 of 3rd period - Wrist shot by Artemi Panarin.
19:02 of 3rd period - Stopped by Ilya Sorokin without a rebound.
19:03 of 3rd period - Lindy Ruff call a timeout for Vegas Golden Knights.
19:03 of 3rd period - Barclay Goodrow wins face-off versus Jordan Staal in Chicago Black Hawks zone.
19:31 of 3rd period - Brian Dumoulin is hit by Cal Clutterbuck and loses puck.
19:44 of 3rd period - Snap shot by Barclay Goodrow.
19:44 of 3rd period - Shot Blocked by Tom Wilson.
19:46 of 3rd period - Slapshot by Barclay Goodrow.
19:46 of 3rd period - Shot Misses the Net.
19:50 of 3rd period - Slapshot by Lawson Crouse.
19:50 of 3rd period - Deflect By Cal Clutterbuck.
19:50 of 3rd period - Goal by Cal Clutterbuck - Chicago Black Hawks : 5 - Vegas Golden Knights : 3.
19:50 of 3rd period - Casey DeSmith from Vegas Golden Knights was sent back in the game.
19:51 of 3rd period - Jordan Staal wins face-off versus Bo Horvat in neutral zone.
19:56 of 3rd period - Tom Wilson is hit by Lawson Crouse and loses puck.
Goals for this period are 3 for Chicago Black Hawks vs 2 for Vegas Golden Knights.
Shots for this period are 8 for Chicago Black Hawks vs 9 for Vegas Golden Knights.
Back to the Top